AoeStats
← 15A3L

Arena

507842146Analyzed
3v3 RM · 13d ago on Sep 19, 2026· 38m 33s· 6 players
Game mode
Random Map
Map size
Normal (6 player)
Population
200
Speed
Normal
Resources
Standard
Victory
Conquest
Starting age
Dark Age
Ending age
Imperial Age
RankedLock teamsTeams togetherTeam positionsShared explorationLock speedFull tech treeHidden civsTurbo modeCheats
Victory
Defeat
🇲🇽 Cumans · Mexico
1314
+11
🇦🇷 Armenians · Argentina
1311
+11
🇵🇪 Teutons · Peru
1148
+19
🇨🇴 Bohemians · Colombia
1260
-16
🇵🇪 Goths · Peru
1188
-13
🇫🇷 Persians · France
1165
-12
15A3L
11:44 Feudal Age
12:17 Double-Bit Axe
12:14 Horse Collar
13:36 Loom
18:57 Castle Age
18:27 Stone Mining
19:53 Bow Saw
20:00 Heavy Plow
20:12 Gold Mining
Teodoro
11:50 Feudal Age
15:45 Castle Age
14:43 Double-Bit Axe
19:19 Fervor
21:05 Bow Saw
21:59 Sanctity
24:19 Redemption
24:32 Loom
Teiko
10:57 Feudal Age
15:29 Castle Age
13:18 Loom
13:58 Double-Bit Axe
13:58 Horse Collar
16:36 Bow Saw
16:28 Heavy Plow
24:57 Stone Mining
24:58 Gold Mining
25:45 Wheelbarrow
27:57 Hand Cart
27:28 Town Watch
30:51 Imperial Age
28:59 Scale Barding Armor
29:05 Forging
29:30 Bloodlines
29:21 Husbandry
30:35 Chain Barding Armor
31:20 Iron Casting
30:30 Cavalier
32:25 Plate Barding Armor
31:50 Heavy Camel Rider
34:19 Blast Furnace
Nalgas Prietas
6:03 Loom
9:03 Feudal Age
20:29 Wheelbarrow
19:39 Town Watch
19:49 Double-Bit Axe
21:51 Horse Collar
24:18 Castle Age
24:44 Forging
24:40 Scale Barding Armor
25:46 Bloodlines
25:29 Light Cavalry
26:56 Iron Casting
30:23 Chain Barding Armor
32:06 Hand Cart
33:00 Scale Mail Armor
33:12 Bow Saw
33:52 Bow Saw
33:45 Heavy Plow
34:05 Chain Mail Armor
34:22 Town Patrol
34:19 Pikeman
35:01 Squires
35:49 Arson
36:29 Fervor
36:41 Sanctity
37:37 Fletching
37:48 Padded Archer Armor
40:22 Imperial Age
38:14 Ballistics
Tame Alpaca
11:19 Feudal Age
12:02 Double-Bit Axe
17:27 Castle Age
15:42 Horse Collar
17:27 Forging
18:24 Pikeman
19:06 Heavy Plow
19:18 Bow Saw
19:42 Loom
21:18 Scale Mail Armor
22:58 Bloodlines
22:37 Town Watch
24:10 Wheelbarrow
25:11 Squires
31:10 Imperial Age
29:59 Chain Mail Armor
30:19 Iron Casting
30:06 Fletching
31:13 Scale Barding Armor
31:27 Hand Cart
31:24 Fortified Wall
31:36 Ballistics
34:21 Chemistry
33:34 Masonry
33:29 Siege Engineers
36:25 Blast Furnace
35:56 Plate Mail Armor
37:00 Crop Rotation
36:24 Halberdier
39:00 Two-Man Saw
38:21 Bodkin Arrow
Matias_Aoe
3:10 Loom
10:30 Feudal Age
13:19 Man-at-Arms
14:17 Long Swordsman
14:49 Double-Bit Axe
16:25 Horse Collar
17:19 Pikeman
17:54 Town Watch
18:10 Gold Mining
21:19 Wheelbarrow
22:24 Arson
24:22 Stone Mining
24:58 Fletching
29:59 Castle Age
31:08 Bow Saw
33:48 Halberdier
35:17 Scale Mail Armor
35:53 Heavy Plow
36:27 Chain Mail Armor
38:06 Hand Cart
Connection lost

Rejoining the realm…

Still unreachable

The connection could not be restored.

Session expired

The server has moved on; the page needs a fresh start.